[Event "25th Abu Dhabi Open 2018"]
[Site "Abu Dhabi"]
[Date "2018.08.09"]
[Round "3"]
[White "Ammar, Sedrani"]
[Black "Shubham, Shukla"]
[Result "1-0"]
[ECO "A96"]
[WhiteElo "2109"]
[BlackElo "1874"]
[Annotator "NA"]
[PlyCount "143"]
[EventDate "2018.08.05"]
[EventType "swiss"]
[EventCountry "UAE"]
[SourceTitle "playchess.com"]
[Source "ChessBase"]
[SourceQuality "1"]
[TimeControl "5400+30"]

1. d4 f5 2. Nf3 Nf6 3. g3 e6 4. Bg2 Be7 5. O-O O-O 6. c4 d6 7. Nc3 a5 8. Qc2 Nc6 9. Rd1 Qe8 10. a3 e5 11. d5 Nb8 12. b3 Na6 13. Rb1 Qh5 14. b4 h6 15. b5 Nc5 16. Be3 e4 17. Bxc5 dxc5 18. Nd2 e3 19. fxe3 Ng4 20. Nf1 Qg5 21. Qd2 Ne5 22. b6 Nxc4 23. Qa2 Nd6 24. bxc7 Kh8 25. Na4 b5 26. Nxc5 Ra7 27. Nb3 Rxc7 28. Nxa5 Rc3 29. Rd3 Rc5 30. Nb3 Rc7 31. Rc1 Ra7 32. Nd4 Bf6 33. Qb3 Bxd4 34. Rxd4 Qe7 35. a4 Bd7 36. axb5 Bxb5 37. Bf3 Rfa8 38. Rb4 Bd7 39. Rb8+ Kh7 40. Rxa8 Rxa8 41. Rc7 Ra1 42. Kg2 Ne8 43. Rb7 Nf6 44. Qb4 Qe8 45. Rb8 Qe5 46. Qb2 Qxb2 47. Rxb2 g5 48. Kf2 Rd1 49. Rd2 Rb1 50. Rd4 Kg6 51. Nd2 Rb8 52. e4 Re8 53. exf5+ Kxf5 54. e4+ Ke5 55. Ke3 Kd6 56. Nc4+ Kc5 57. Kd3 Bb5 58. Kc3 Nd7 59. Bg4 Rf8 60. d6 Nf6 61. Be6 Bc6 62. Nd2 Bd7 63. Bxd7 Nxd7 64. Rd5+ Kc6 65. Kd4 Nb6 66. Rc5+ Kxd6 67. e5+ Kd7 68. e6+ Ke7 69. Ke5 Rd8 70. Rc7+ Ke8 71. Ne4 Nd5 72. Rh7 1-0

[Event "25th Abu Dhabi Open 2018"]
[Site "Abu Dhabi"]
[Date "2018.08.09"]
[Round "3"]
[White "Tereshechkina, Maya"]
[Black "Huang, Zixiu"]
[Result "0-1"]
[ECO "A09"]
[WhiteElo "2056"]
[BlackElo "1864"]
[Annotator "NA"]
[PlyCount "64"]
[EventDate "2018.08.05"]
[EventType "swiss"]
[EventCountry "UAE"]
[SourceTitle "playchess.com"]
[Source "ChessBase"]
[SourceQuality "1"]
[TimeControl "5400+30"]

1. Nf3 d5 2. c4 d4 3. e3 c5 4. b4 dxe3 5. fxe3 cxb4 6. a3 e6 7. axb4 Bxb4 8. Qa4+ Nc6 9. Nd4 Nge7 10. Be2 O-O 11. Nxc6 Nxc6 12. O-O Bd7 13. Bb2 a5 14. Qb3 Qe7 15. Nc3 f6 16. d4 Rfb8 17. Nb5 Nd8 18. Nc7 Ra7 19. Nb5 Ra6 20. d5 Nf7 21. e4 exd5 22. cxd5 Bxb5 23. d6 Rxd6 24. Bxb5 Rb6 25. Kh1 Rxb5 26. Bxf6 Qe8 27. Qg3 Bf8 28. e5 Qe6 29. Rac1 Kh8 30. Rc7 gxf6 31. Rxf7 Qxf7 32. e6 Qe8 0-1

[Event "25th Abu Dhabi Open 2018"]
[Site "Abu Dhabi"]
[Date "2018.08.09"]
[Round "3"]
[White "Loay, Sameer"]
[Black "Majoul, Fadhel"]
[Result "1-0"]
[ECO "A04"]
[WhiteElo "2043"]
[BlackElo "1835"]
[Annotator "NA"]
[PlyCount "123"]
[EventDate "2018.08.05"]
[EventType "swiss"]
[EventCountry "UAE"]
[SourceTitle "playchess.com"]
[Source "ChessBase"]
[SourceQuality "1"]
[TimeControl "5400+30"]

1. Nf3 f5 2. d3 d5 3. c4 e6 4. g3 Nf6 5. Bg2 Bd6 6. cxd5 exd5 7. O-O O-O 8. Nc3 c6 9. Qa4 Na6 10. a3 Nc5 11. Qc2 a5 12. Rb1 Bd7 13. b4 axb4 14. axb4 Na6 15. b5 Nc5 16. bxc6 bxc6 17. Be3 Ne6 18. Na4 Ng4 19. Bc5 Be8 20. h3 Nf6 21. Nd4 Nxd4 22. Bxd4 Rf7 23. Nc5 Bxc5 24. Qxc5 Rb8 25. Rxb8 Qxb8 26. Ra1 Rb7 27. Bxf6 gxf6 28. Ra4 Qe5 29. Bf3 Qe7 30. Qc1 Rb4 31. Ra8 Kg7 32. Kg2 Rb7 33. Qf4 Bg6 34. d4 Qc7 35. Qc1 Qb6 36. Rc8 Qxd4 37. Qxc6 Re7 38. e3 Qe5 39. Bxd5 Be8 40. Qa8 Kh6 41. Bf3 Bf7 42. Qc6 Re8 43. Rxe8 Bxe8 44. Qd5 Qxd5 45. Bxd5 Bh5 46. Be6 f4 47. gxf4 Be2 48. Bf5 Kg7 49. e4 Bd1 50. e5 Bb3 51. exf6+ Kg8 52. Kf3 h6 53. Bg6 Bd1+ 54. Kg3 Kf8 55. f3 Kg8 56. Kg4 Kf8 57. Kh5 Bxf3+ 58. Kxh6 Bd5 59. Kg5 Bb3 60. h4 Kg8 61. h5 Kh8 62. f7 1-0

[Event "25th Abu Dhabi Open 2018"]
[Site "Abu Dhabi"]
[Date "2018.08.09"]
[Round "3"]
[White "Soham, Datar"]
[Black "Achuthan, Dylan"]
[Result "1-0"]
[ECO "A35"]
[WhiteElo "2030"]
[BlackElo "1797"]
[Annotator "NA"]
[PlyCount "39"]
[EventDate "2018.08.05"]
[EventType "swiss"]
[EventCountry "UAE"]
[SourceTitle "playchess.com"]
[Source "ChessBase"]
[SourceQuality "1"]
[TimeControl "5400+30"]

1. Nf3 c5 2. c4 Nc6 3. Nc3 Nf6 4. e3 g6 5. d4 cxd4 6. exd4 d5 7. cxd5 Nxd5 8. Qb3 Nxc3 9. Bc4 e6 10. bxc3 Bd7 11. Bd3 Qc7 12. O-O Rc8 13. Qd1 Bg7 14. Qe2 O-O 15. Ng5 Ne7 16. Ba3 Rfe8 17. Ne4 Nd5 18. Rfc1 Nf4 19. Qe3 Nd5 20. Qf3 1-0

[Event "25th Abu Dhabi Open 2018"]
[Site "Abu Dhabi"]
[Date "2018.08.09"]
[Round "3"]
[White "Saif, Malek"]
[Black "Alhasan, Abutalib Z"]
[Result "1-0"]
[ECO "B01"]
[WhiteElo "2024"]
[BlackElo "1797"]
[Annotator "NA"]
[PlyCount "97"]
[EventDate "2018.08.05"]
[EventType "swiss"]
[EventCountry "UAE"]
[SourceTitle "playchess.com"]
[Source "ChessBase"]
[SourceQuality "1"]
[TimeControl "5400+30"]

1. e4 d5 2. exd5 Nf6 3. d4 Nxd5 4. Nf3 Bf5 5. Bd3 Bg6 6. c3 e6 7. O-O Bd6 8. Ne5 Nd7 9. f4 c6 10. Qe2 Bxd3 11. Nxd3 O-O 12. Nd2 Qh4 13. Ne4 Bc7 14. Rf3 N7f6 15. Bd2 Nxe4 16. Qxe4 Nf6 17. Qe2 Qh5 18. Ne5 Bxe5 19. fxe5 Nd5 20. Raf1 Rad8 21. Qe1 Rd7 22. Rh3 Qg6 23. Rg3 Qh5 24. Rff3 Kh8 25. Rg5 Qh6 26. Rh3 Qxh3 27. gxh3 Rfd8 28. Qe4 Ne7 29. Rg4 h6 30. h4 Nf5 31. Rf4 c5 32. Be3 cxd4 33. Bxd4 Kg8 34. Rxf5 exf5 35. Qxf5 Rd5 36. Qg4 R8d7 37. Kf2 a6 38. Kf3 a5 39. Ke4 b5 40. e6 fxe6 41. Qxe6+ Kh7 42. Qxd5 Rxd5 43. Kxd5 Kg6 44. Kc5 Kh5 45. Bf2 Kg4 46. Kxb5 g5 47. hxg5 hxg5 48. c4 Kh3 49. Bg3 1-0

[Event "25th Abu Dhabi Open 2018"]
[Site "Abu Dhabi"]
[Date "2018.08.09"]
[Round "3"]
[White "Mahitosh, Dey"]
[Black "Haase, Pavel"]
[Result "1-0"]
[ECO "C02"]
[WhiteElo "1887"]
[BlackElo "2177"]
[Annotator "NA"]
[PlyCount "147"]
[EventDate "2018.08.05"]
[EventType "swiss"]
[EventCountry "UAE"]
[SourceTitle "playchess.com"]
[Source "ChessBase"]
[SourceQuality "1"]
[TimeControl "5400+30"]

1. e4 e6 2. d4 d5 3. e5 c5 4. c3 Nc6 5. Nf3 Qb6 6. a3 c4 7. Nbd2 Na5 8. g3 Bd7 9. Bg2 Ne7 10. O-O Nc8 11. Re1 Qc7 12. Rb1 Nb6 13. Nf1 Ba4 14. Qe2 O-O-O 15. Bg5 Re8 16. Bf4 h6 17. g4 Be7 18. Ne3 Kb8 19. Bg3 Ka8 20. Rf1 Qd8 21. Nd2 h5 22. gxh5 Rh7 23. f4 Reh8 24. Bf3 g6 25. hxg6 fxg6 26. Bg4 Bd7 27. Nf3 Nb3 28. h4 Nc8 29. Qg2 Rg7 30. Rf2 Qe8 31. Rbf1 Bd8 32. Ng5 Na5 33. Qh3 Re7 34. Rh2 Nb6 35. Rff2 Qg8 36. Qg2 Nc6 37. Qh1 Rg7 38. Rh3 Be7 39. Rfh2 Nd8 40. h5 Bxg5 41. fxg5 gxh5 42. Rxh5 Rxh5 43. Rxh5 Nf7 44. Bf4 Nc8 45. Nxd5 exd5 46. Bxd7 Nxg5 47. Rxg5 Rxg5+ 48. Bxg5 Qxg5+ 49. Qg2 Qe3+ 50. Qf2 Qg5+ 51. Kh2 Qh6+ 52. Bh3 Ne7 53. Qf6 Qd2+ 54. Bg2 a6 55. Qxe7 Qf4+ 56. Kh3 Qf5+ 57. Kg3 Qg6+ 58. Kf2 Qc2+ 59. Kg3 Qg6+ 60. Kh2 Qh6+ 61. Bh3 Qf4+ 62. Kg2 Qe4+ 63. Kg3 Qe3+ 64. Kg4 Qe4+ 65. Kh5 Qe2+ 66. Bg4 Qxb2 67. Qf8+ Ka7 68. e6 Qh2+ 69. Kg5 Qd2+ 70. Qf4 Qe1 71. Qe5 Qd2+ 72. Kg6 Qc2+ 73. Bf5 Qg2+ 74. Kf7 1-0

[Event "25th Abu Dhabi Open 2018"]
[Site "Abu Dhabi"]
[Date "2018.08.09"]
[Round "3"]
[White "Abid, Ali Mujawar"]
[Black "Dimarucut, Francis Erwin"]
[Result "1/2-1/2"]
[ECO "B07"]
[WhiteElo "1880"]
[BlackElo "2116"]
[Annotator "NA"]
[PlyCount "118"]
[EventDate "2018.08.05"]
[EventType "swiss"]
[EventCountry "UAE"]
[SourceTitle "playchess.com"]
[Source "ChessBase"]
[SourceQuality "1"]
[TimeControl "5400+30"]

1. e4 d6 2. d4 Nf6 3. Nc3 Nbd7 4. f4 e5 5. Nf3 exd4 6. Nxd4 g6 7. Bc4 Bg7 8. O-O O-O 9. f5 Ne5 10. Be2 c6 11. Kh1 d5 12. exd5 Nxd5 13. Ne4 b6 14. f6 Nxf6 15. Bg5 Nxe4 16. Bxd8 Rxd8 17. Bf3 Ng5 18. Qc1 Rxd4 19. Qxg5 Be6 20. Rad1 Nxf3 21. gxf3 h6 22. Qe3 Rh4 23. Rd6 Re8 24. Rfd1 Bf6 25. b3 Kf8 26. Qf2 g5 27. Rxc6 Be5 28. Qe3 Bxh2 29. Qd3 Kg7 30. Rxe6 Rxe6 31. Kg2 Bf4 32. Rh1 Rxh1 33. Kxh1 h5 34. Kg2 Rd6 35. Qc3+ Kg6 36. Qc8 Rd2+ 37. Kf1 h4 38. Qg8+ Kf6 39. Qh8+ Ke7 40. Qc8 Rh2 41. Qb7+ Kf8 42. Qc8+ Kg7 43. Qc3+ Kg6 44. Qd3+ Kg7 45. Qc3+ Kf8 46. Qc8+ Ke7 47. Qb7+ Kd6 48. Qxf7 h3 49. Qxa7 Rh1+ 50. Kf2 h2 51. Qxb6+ Ke7 52. Qb7+ Ke6 53. Qc8+ Ke7 54. Qb7+ Ke6 55. Qc8+ Ke7 56. Qb7+ Ke6 57. Qc8+ Ke7 58. Qb7+ Ke6 59. Qc8+ Ke7 1/2-1/2

[Event "25th Abu Dhabi Open 2018"]
[Site "Abu Dhabi"]
[Date "2018.08.09"]
[Round "3"]
[White "Ashraf, Artin"]
[Black "Hallaeva, Bahar"]
[Result "0-1"]
[ECO "A05"]
[WhiteElo "1867"]
[BlackElo "2098"]
[Annotator "NA"]
[PlyCount "126"]
[EventDate "2018.08.05"]
[EventType "swiss"]
[EventCountry "UAE"]
[SourceTitle "playchess.com"]
[Source "ChessBase"]
[SourceQuality "1"]
[TimeControl "5400+30"]

1. Nf3 Nf6 2. c4 e6 3. g3 b6 4. Bg2 Bb7 5. O-O Be7 6. Nc3 O-O 7. Re1 d5 8. cxd5 exd5 9. d4 Na6 10. Bf4 Nh5 11. e3 Nxf4 12. exf4 c6 13. Ne5 Nc7 14. Rc1 f6 15. Nd3 Re8 16. Na4 Bf8 17. Qc2 Nb5 18. Nc3 Nxd4 19. Qa4 Ne6 20. f5 Nc5 21. Nxc5 Bxc5 22. Rxe8+ Qxe8 23. b4 Bd4 24. Qb3 Qe5 25. b5 Rd8 26. bxc6 Bxc6 27. Nb5 Bxb5 28. Qxb5 Qxf5 29. Qe2 Qe5 30. Qb5 Qf5 31. Qe2 Bc5 32. Rd1 d4 33. Be4 Qe5 34. Qd3 Qh5 35. Kg2 Kh8 36. Re1 Bb4 37. Rb1 Bc5 38. Re1 a5 39. a3 Rf8 40. Bf3 Qf7 41. a4 Qd7 42. Bd1 Qc6+ 43. Kg1 Rd8 44. Bc2 g6 45. h4 Bb4 46. Rd1 Bc3 47. Qf1 Kg7 48. Qd3 Re8 49. Bb3 Re7 50. Rf1 Qc5 51. Rb1 Bb4 52. Kg2 Qc6+ 53. Kh2 Qe4 54. Qc4 Qxb1 55. Qg8+ Kh6 56. Qf8+ Rg7 57. Qxf6 Qf5 58. Qxd4 Rd7 59. Qe3+ Kg7 60. Be6 Rd3 61. Qxb6 Qf6 62. Qa7+ Qe7 63. Qa6 Rd6 0-1

[Event "25th Abu Dhabi Open 2018"]
[Site "Abu Dhabi"]
[Date "2018.08.09"]
[Round "3"]
[White "Atif, Mahgoub Elhassan"]
[Black "Ovezdurdiyeva, Jemal"]
[Result "0-1"]
[ECO "B20"]
[WhiteElo "1866"]
[BlackElo "2041"]
[Annotator "NA"]
[PlyCount "68"]
[EventDate "2018.08.05"]
[EventType "swiss"]
[EventCountry "UAE"]
[SourceTitle "playchess.com"]
[Source "ChessBase"]
[SourceQuality "1"]
[TimeControl "5400+30"]

1. e4 c5 2. d4 cxd4 3. Nf3 d6 4. Bc4 Nf6 5. Qe2 Nc6 6. h3 e6 7. c3 dxc3 8. Nxc3 a6 9. a4 Be7 10. O-O O-O 11. Rd1 Qa5 12. Bf4 Rd8 13. g4 d5 14. exd5 exd5 15. Ba2 Qb4 16. Bg3 d4 17. Ne4 Bd7 18. Neg5 Be8 19. Nxf7 Bxf7 20. Bxf7+ Kxf7 21. Ng5+ Ke8 22. Qe6 Rd7 23. Qf7+ Kd8 24. Qxg7 Kc8 25. Rac1 Bd8 26. Qh8 Qb3 27. Be5 Nd5 28. Rxd4 Nde7 29. Rxd7 Kxd7 30. Bg3 Qxg3+ 31. Kh1 Qxf2 32. Rd1+ Kc7 33. Qe8 Kb6 34. Qd7 Nf5 0-1

[Event "25th Abu Dhabi Open 2018"]
[Site "Abu Dhabi"]
[Date "2018.08.09"]
[Round "3"]
[White "Sabitov, Ilyas"]
[Black "Ahmed, Fareed"]
[Result "1/2-1/2"]
[ECO "C03"]
[WhiteElo "1839"]
[BlackElo "2025"]
[Annotator "NA"]
[PlyCount "165"]
[EventDate "2018.08.05"]
[EventType "swiss"]
[EventCountry "UAE"]
[SourceTitle "playchess.com"]
[Source "ChessBase"]
[SourceQuality "1"]
[TimeControl "5400+30"]

1. e4 e6 2. d4 d5 3. Nd2 dxe4 4. Nxe4 Nf6 5. Bg5 Be7 6. Bxf6 gxf6 7. Nf3 b6 8. Bd3 Bb7 9. Qe2 Nd7 10. O-O-O c6 11. Kb1 Qc7 12. Rhe1 O-O-O 13. Ba6 Rhg8 14. Bxb7+ Kxb7 15. c4 Bb4 16. Rg1 f5 17. Ng3 Nf6 18. a3 Bd6 19. Nf1 Bf4 20. g3 Bh6 21. Qe5 Ne4 22. Qxc7+ Kxc7 23. Rg2 f6 24. d5 cxd5 25. Nd4 Rge8 26. cxd5 Kb7 27. f3 Rxd5 28. fxe4 fxe4 29. Re2 f5 30. Ka2 Red8 31. Nxe6 Rxd1 32. Nxd8+ Rxd8 33. g4 e3 34. gxf5 Rd2 35. Re1 Rf2 36. Nxe3 Bg7 37. Nd1 Rg2 38. Re7+ Ka6 39. Kb1 h5 40. b4 Bd4 41. Rd7 Be5 42. Re7 Bxh2 43. Nc3 Bb8 44. f6 Rf2 45. f7 b5 46. Re8 Bd6 47. Re6 Rxf7 48. Rxd6+ Kb7 49. Rh6 Rf5 50. Ne4 Rf3 51. Kb2 Rh3 52. Rh7+ Kc6 53. Rh6+ Kc7 54. Rh7+ Kb6 55. Nf6 Rh2+ 56. Kb1 Rh1+ 57. Kc2 Rh2+ 58. Kd3 Rh3+ 59. Kd4 Rxa3 60. Rxh5 a5 61. Nd5+ Kc6 62. Rh6+ Kd7 63. Kc5 axb4 64. Rd6+ Ke8 65. Kxb4 Ra1 66. Kxb5 Kf7 67. Kc6 Ra6+ 68. Nb6 Ra1 69. Kd7 Ra7+ 70. Kd8 Ra1 71. Nc8 Ra8 72. Rb6 Ra1 73. Kd7 Rd1+ 74. Nd6+ Kf6 75. Rb5 Kg6 76. Re5 Rd3 77. Ke6 Ra3 78. Re1 Kg5 79. Re4 Ra8 80. Nf7+ Kh5 81. Kf6 Ra6+ 82. Kf5 Rf6+ 83. Kxf6 1/2-1/2

[Event "25th Abu Dhabi Open 2018"]
[Site "Abu Dhabi"]
[Date "2018.08.09"]
[Round "3"]
[White "Mohamed, Marshool"]
[Black "Divinagracia, Alvin"]
[Result "1/2-1/2"]
[ECO "B10"]
[WhiteElo "1804"]
[BlackElo "2024"]
[Annotator "NA"]
[PlyCount "60"]
[EventDate "2018.08.05"]
[EventType "swiss"]
[EventCountry "UAE"]
[SourceTitle "playchess.com"]
[Source "ChessBase"]
[SourceQuality "1"]
[TimeControl "5400+30"]

1. e4 c6 2. c4 d5 3. cxd5 cxd5 4. exd5 Nf6 5. d4 Nxd5 6. Nc3 g6 7. Bc4 Nb6 8. Bb3 Bg7 9. Be3 O-O 10. h3 Nc6 11. Nf3 Na5 12. Bc2 Nac4 13. b3 Nd6 14. O-O Bd7 15. Ne5 Rc8 16. Nxd7 Qxd7 17. Ne2 Rfd8 18. Qd2 Nb5 19. Rfd1 Nd5 20. Bd3 Nbc3 21. Rdc1 e5 22. Bg5 Nxe2+ 23. Bxe2 Rxc1+ 24. Rxc1 Nf6 25. Qa5 exd4 26. Rc7 Qe8 27. Bc4 b6 28. Qxa7 Rd7 29. Rxd7 Nxd7 30. Bd2 Qd8 1/2-1/2